 Dungeon Crawl Stone Soup version 0.28.0 (webtiles) character file.

Game seed: 6037617099590754129

4 freelancePsychic the Ducker (level 1, 0/14 HPs)
             Began as a Merfolk Fire Elementalist on Feb 7, 2022.
             Slain by a bat (1 damage)
             ... on level 1 of the Dungeon.
             The game lasted 00:01:09 (314 turns).

freelancePsychic the Ducker (MfFE)                   Turns: 314, Time: 00:01:10

Health: 0/14       AC:  2    Str:  8    XL:     1   Next: 60%
Magic:  1/3        EV: 12    Int: 14    God:
Gold:   13         SH:  0    Dex: 14    Spells: 3/4 levels left

rFire   . . .      SeeInvis .   (no weapon)
rCold   . . .      Faith    .   (no shield)
rNeg    . . .      Spirit   .   a - +0 robe
rPois   .          Reflect  .   (no helmet)
rElec   .          Harm     .   (no cloak)
rCorr   .          Rampage  .   (no gloves)
Will    .....                   (no boots)
Stlth   ++........              (no amulet)
HPRegen 0.04/turn               (no ring)
MPRegen 0.08/turn               (no ring)

@: no status effects
A: (nimble swimmer 2), mertail
a: no special abilities


You were on level 1 of the Dungeon.
You visited 1 branch of the dungeon, and saw 2 of its levels.

You collected 13 gold pieces.

Inventory:

Missiles
 f - 2 poisoned darts
Armour
 a - a +0 robe (worn)
Scrolls
 b - a scroll of holy word {unknown}
 d - a scroll of fog {unknown}
 e - a scroll of identify {unknown}
Potions
 c - 2 potions of mutation {unknown}


   Skills:
 + Level 0.5 Fighting
 - Level 2.6 Dodging
 - Level 2.1 Stealth
 + Level 2.1 Spellcasting
 + Level 1.0 Conjurations
 - Level 2.1 Fire Magic


You had 3 spell levels left.
You knew the following spells:

 Your Spells              Type           Power      Damage    Failure   Level
a - Foxfire               Conj/Fire      20%        2x1d5     12%         1

Your spell library contained the following spells:

 Spells                   Type           Power      Damage    Failure   Level
 Scorch                   Fire           14%        2d6       14%         2
 Conjure Flame            Conj/Fire      5%         6-21      36%         3
 Inner Flame              Hex/Fire       4%         N/A       41%         3
 Flame Wave               Conj/Fire      5%         2d5       77%         4


Dungeon Overview and Level Annotations

Branches:
Dungeon (2/15)

Altars:


Innate Abilities, Weirdness & Mutations

((You are very nimble when in or above water. (Stealth+, EV+, Speed+++)))
Your lower body shifts to a powerful aquatic tail in water.


Message History

You barely miss the hobgoblin.
The hobgoblin is almost dead.
The foxfire hits the hobgoblin but does no damage.
The hobgoblin is almost dead.
The foxfire hits the hobgoblin but does no damage.
The hobgoblin closely misses you.
You barely miss the hobgoblin.
The hobgoblin is almost dead.
The hobgoblin hits you but does no damage.
The hobgoblin hits you.
You closely miss the hobgoblin.
The hobgoblin is almost dead.
The hobgoblin barely misses you. The hobgoblin closely misses you.
You hit the hobgoblin but do no damage.
The hobgoblin is almost dead.
The hobgoblin hits you. x2
* * * LOW HITPOINT WARNING * * *
You hit the hobgoblin but do no damage.
The hobgoblin is almost dead.
The hobgoblin misses you.
The hobgoblin hits you but does no damage.
You closely miss the hobgoblin.
The hobgoblin is almost dead.
The hobgoblin barely misses you. The hobgoblin misses you.
You hit the hobgoblin.
You kill the hobgoblin!
The hobgoblin hits you.
* * * LOW HITPOINT WARNING * * *
Your Conjurations skill increases to level 1!
You barely miss the bat. The bat hits you but does no damage.
The hobgoblin closely misses you. The bat closely misses you.
You see here a hobgoblin corpse.
You hit the bat but do no damage. The bat barely misses you.
The hobgoblin closely misses you. The bat barely misses you.
A bat comes into view.
The bat hits you but does no damage. The bat hits you.
You die...

#b.... ... ..... #...
....###..# . .......##..
......... .....#
##.######...#
.........g.b.#
#...####†##@.#
.........##..# #########
..#########...###.÷....÷#
#...r'÷..÷...÷#
###..##..÷.÷.÷#
#####..##>###÷<.#
##.....###b..÷.÷.#
#.......'rg..÷.÷.#
........##÷÷...÷.#


You could see a quokka (wandering), a hobgoblin and a bat.

Vanquished Creatures
  An endoplasm (D:2)
  A hobgoblin (D:1)
  2 kobolds (D:2)
4 creatures vanquished.

Vanquished Creatures (others)
  19 foxfires
19 creatures vanquished.

Grand Total: 23 creatures vanquished

Notes
Turn   | Place    | Note
-------+----------+-------------------------------------------
     0 | D:1      | freelancePsychic the Merfolk Fire Elementalist began the
                  | quest for the Orb.
     0 | D:1      | Reached XP level 1. HP: 13/13 MP: 3/3
   309 | D:1      | Reached skill level 1 in Conjurations
   314 | D:1      | Slain by a bat

Illustrated notes

Levels and vault maps discovered:
D:1:      heliophobic_arrival_battle_scene, layout_rooms, serial_curves,
          eino_curves_04, eino_curves_04
D:2:      layout_loops_ring, basic_altar, uniq_sigmund

Skill      XL: |  1 |
---------------+----+-----
Conjurations   | 1 |  1.0
Fighting       | |  0.5
Dodging        | |  2.6
Stealth        | |  2.1
Spellcasting   | |  2.1
Fire Magic     | |  2.1

Action                   || total
-------------------------++-------
Melee: Unarmed           ||    13
 Cast: Foxfire           ||    11
Armor: Robe              ||     6
Dodge: Dodged            ||    17
